 Dungeon Crawl Stone Soup version 0.28-a0-622-gbaef9634d7 (webtiles) character file.

Game seed: 10858262483812656901

2485 robertstho the Magician (level 9, 0/62 HPs)
             Began as a Djinni Fire Elementalist on Oct 7, 2021.
             Was an Initiate of Gozag.
             Killed from afar by an electric eel (9 damage)
             ... with a bolt of electricity
             ... on level 6 of the Dungeon.
             The game lasted 00:09:23 (7776 turns).

robertstho the Magician (Djinni Fire Elementalist)  Turns: 7776, Time: 00:09:24

Health: 0/62       AC: 12    Str:  7    XL:     9   Next: 81%
Gold:   690        EV: 11    Int: 20    God:    Gozag SH:  0 Dex: 14

rFire   + + .      SeeInvis .   i - +1 quarterstaff (drain)
rCold   x . .      Faith    .   (shield currently unavailable)
rNeg    . . .      Spirit   .   B - +3 ring mail {Will+}
rPois   ∞          Reflect  .   A - +2 helmet
rElec   .          Harm     .   (no cloak)
rCorr   .          Rampage  .   (no gloves)
Will    +....                   (boots unavailable)
Stlth   +.........              (no amulet)
HPRegen 0.20/turn               s - ring of wizardry
MPRegen 0.00/turn               y - ring of wizardry

@: gold aura, flying
A: sickness immunity, fire resistance 2, cold vulnerability 1, float, innate
caster, hp casting, extra vitality 1
a: Renounce Religion, Potion Petition, Call Merchant, Bribe Branch


You were on level 6 of the Dungeon.
You worshipped Gozag.
Gozag was pleased with you.
You visited 2 branches of the dungeon, and saw 7 of its levels.

You collected 766 gold pieces.
You paid 76 gold pieces to Gozag.

Inventory:

Hand Weapons
 d - a +0 long sword
 i - a +1 quarterstaff of draining (weapon)
Armour
 A - a +2 helmet (worn)
 B - a +3 ring mail of willpower (worn)
Jewellery
 s - a ring of wizardry (left hand)
 y - a ring of wizardry (right hand)
Wands
 b - a wand of polymorph (6)
 r - a wand of paralysis (9)
 z - a wand of acid (7)
Scrolls
 a - a scroll of blinking {unknown}
 c - a scroll of immolation
 e - 3 scrolls of teleportation
 f - 2 scrolls of fog {unknown}
 g - a scroll of enchant armour {unknown}
 k - 4 scrolls of identify {unknown}
 m - a scroll of noise {unknown}
 u - a scroll of torment {unknown}
 x - a scroll of amnesia {unknown}
Potions
 h - a potion of berserk rage {unknown}
 j - a potion of brilliance {unknown}
 l - 2 potions of heal wounds
 n - 2 potions of cancellation {unknown}
 p - a potion of mutation {unknown}
 q - a potion of might {unknown}
 t - 2 potions of degeneration {unknown}
 v - a potion of curing
 w - a potion of ambrosia {unknown}


   Skills:
 * Level 4.2 Fighting
 + Level 3.0 Staves
 * Level 5.0 Armour
 * Level 6.0 Dodging
 + Level 2.6 Stealth
 + Level 6.6 Spellcasting


You couldn't memorise any spells.
You knew the following spells:

 Your Spells              Type           Power      Damage    Failure   Level
a - Foxfire               Conj/Fire      100%       2x1d9     1%          1
b - Scorch                Fire           66%        2d8       1%          2
c - Conjure Flame         Conj/Fire      33%        6-21      1%          3
d - Inner Flame           Hex/Fire       33%        N/A       1%          3
e - Flame Wave            Conj/Fire      33%        3d7       5%          4
f - Shock                 Conj/Air       100%       1d9       1%          1
g - Call Imp              Summ           33%        N/A       1%          2
h - Vampiric Draining     Necr           16%        2d8       1%          3
i - Passage of Golubria   Tloc           N/A        N/A       5%          4
Your spell library was empty.

Dungeon Overview and Level Annotations

Branches:
Dungeon (6/15)             Temple (1/1) D:4

Altars:
Cheibriados
Dithmenos
Fedhas
Gozag
Kikubaaqudgha
Okawaru
Sif Muna
Wu Jian
The Shining One

Shops:
D:6 *


Innate Abilities, Weirdness & Mutations

You are immune to sickness and miasma.
You are immune to poison.
Your flesh is very heat resistant. (rF++)
You are vulnerable to cold. (rC-)
You float through the air rather than walking.
You learn spells naturally, not from books.
Your magical power is your life essence.
You have superior vitality. (+4 HP)


Message History

The black bear is severely wounded.
The tree burns like a torch!
You finish channelling waves of flame.
You hear a shout!
An electric eel comes into view.
Casting: Flame Wave (dangerous; 5% risk of failure)
Confirm with . or Enter, or press ? or * to list all spells.
Casting: Flame Wave (dangerous; 5% risk of failure)
Press: ? - help, Dir - look around, f - activate A wave of flame ripples out! (Press . to intensify the flame waves.)
A black bear comes into view.
The black bear is engulfed in a cloud of scalding steam.
You kill the black bear!
Your Staves skill increases to level 3!
Your Armour skill increases to level 5!
A wave of flame ripples out!
The flame wave engulfs the orc!
You kill the orc!
The electric eel shoots out a bolt of lightning at you!
The bolt of electricity hits the orc!
The orc dies!
The bolt of electricity hits you!
The electric eel is distracted by your dazzling golden aura.
The electric eel shoots out a bolt of lightning at you!
The bolt of electricity hits the electric eel.
The electric eel completely resists.
The electric eel is no longer distracted by gold.
The bolt of electricity hits you!
A wave of flame ripples out!
You finish channelling waves of flame.
The electric eel shoots out a bolt of lightning at you!
The bolt of electricity hits you!
The electric eel shoots out a bolt of lightning at you!
The bolt of electricity hits you.
The electric eel shoots out a bolt of lightning at you!
The bolt of electricity hits the electric eel.
The electric eel completely resists.
The bolt of electricity hits you!
* * * LOW HITPOINT WARNING * * *
The electric eel shoots out a bolt of lightning at you!
The bolt of electricity hits the electric eel.
The electric eel completely resists.
The bolt of electricity hits you!
You die...
Your body crumbles into a pile of gold.

#...#
#.##.
#.###
#.##. #.#
#.##. #.#
#.##. #.#
#)#
########.#
#........#
#@######.#
#.# ♣≈≈#
#$# ♣♣♣♣
#$§ S$§§
≈h§§§
≈≈S.≈≈≈
S≈≈.≈≈≈≈
≈≈≈≈.≈≈≈≈≈


You could see a black bear and 3 electric eels.

Vanquished Creatures
  Pikel (D:4)
  Grinder (D:5)
  Sigmund (D:2)
  Menkaure (D:5)
  Edmund (D:5)
  A black bear (D:6)
  2 ogres
  A necrophage (D:4)
  Blork the orc (D:5)
  2 scorpions
  4 wights (D:6)
  4 orc priests
  A bullfrog zombie (D:5)
  4 hounds
  2 jellies
  A centaur skeleton (D:4)
  Natasha (thrice) (D:3)
  An orc wizard (D:4)
  A hound zombie (D:5)
  4 gnolls
  9 adders
  A shadow imp (D:4)
  An ufetubus (D:4)
  37 orcs
  10 ball pythons
  9 bats
  7 endoplasms
  7 giant cockroaches
  4 goblins
  5 hobgoblins
  3 jackals (D:3)
  3 frilled lizards
  8 kobolds
  A rat (D:3)
142 creatures vanquished.

Vanquished Creatures (others)
  An orc (D:6)
  320 foxfires
  32 plants (D:6)
353 creatures vanquished.

Grand Total: 495 creatures vanquished

Notes
Turn   | Place    | Note
-------+----------+-------------------------------------------
     0 | D:1      | robertstho the Djinni Fire Elementalist began the quest for
                  | the Orb.
     0 | D:1      | Reached XP level 1. HP: 15/15 MP: 0/0
   258 | D:1      | Reached XP level 2. HP: 9/21 MP: 0/0
   859 | D:1      | You are sucked into a shaft and drop 1 floor!
   911 | D:2      | Found a faded altar of an unknown god.
   921 | D:2      | Reached XP level 3. HP: 15/26 MP: 0/0
   921 | D:2      | Learned a level 1 spell: Shock
  1529 | D:2      | Noticed Sigmund
  1614 | D:1      | Reached XP level 4. HP: 19/31 MP: 0/0
  1750 | D:1      | Reached skill level 1 in Armour
  2163 | D:2      | Killed Sigmund
  2164 | D:2      | Reached skill level 1 in Fighting
  2164 | D:2      | Reached XP level 5. HP: 32/37 MP: 0/0
  2164 | D:2      | Learned a level 2 spell: Call Imp
  2164 | D:2      | Reached XP level 6. HP: 36/42 MP: 0/0
  2509 | D:3      | Noticed Natasha
  2517 | D:3      | Killed Natasha
  2704 | D:3      | Noticed Natasha
  2711 | D:3      | Killed Natasha
  2738 | D:3      | Noticed Natasha
  2746 | D:3      | Killed Natasha
  2747 | D:3      | Reached skill level 1 in Staves
  3439 | D:3      | Reached XP level 7. HP: 40/49 MP: 0/0
  3439 | D:3      | Learned a level 3 spell: Vampiric Draining
  4473 | D:4      | Found a staircase to the Ecumenical Temple.
  4551 | Temple   | Entered the Ecumenical Temple
  4586 | Temple   | Became a worshipper of Gozag Ym Sagoz the Greedy
  5115 | D:4      | Noticed Pikel
  5122 | D:4      | Killed Pikel
  5123 | D:4      | Reached XP level 8. HP: 21/56 MP: 0/0
  5611 | D:4      | Reached skill level 5 in Spellcasting
  5616 | D:4      | Reached skill level 5 in Dodging
  6274 | D:5      | Entered Level 5 of the Dungeon
  6281 | D:5      | Noticed Menkaure
  6282 | D:5      | Killed Menkaure
  6283 | D:5      | Reached XP level 9. HP: 50/61 MP: 0/0
  6283 | D:5      | Learned a level 4 spell: Passage of Golubria
  6437 | D:5      | Noticed Grinder
  6443 | D:5      | Killed Grinder
  6837 | D:5      | Noticed Blork the orc
  6844 | D:5      | Killed Blork the orc
  6990 | D:5      | Noticed Edmund
  7002 | D:5      | Killed Edmund
  7516 | D:6      | Found Rucorph's Lightly-Used Armoury.
  7774 | D:6      | Reached skill level 5 in Armour
  7776 | D:6      | Killed from afar by an electric eel

Illustrated notes

Levels and vault maps discovered:
D:1:      matt_arrival_refuge, layout_loops_ring,
          amcnicky_mini_corridor_feature, hangedman_decor_clover_reticule
D:2:      layout_rooms, hellmonk_ecumenical_altar_blasted, uniq_sigmund
D:3:      layout_loops_corners, kennysheep_generic_room_4, uniq_natasha
D:4:      layout_basic, old_standard_altar, minmay_temple_entry_mini_moons,
          uniq_pikel
D:5:      layout_basic, uniq_edmund, uniq_blork_the_orc, uniq_menkaure,
          uniq_grinder
D:6:      layout_loops_ring, minmay_shop_damaged, serial_bayou_lagoon_b
Temple:   nicolae_temple_the_god_donut

Skill      XL: |  1  2  3  4  5  6  7  8  9 |
---------------+----------------------------+-----
Spellcasting   | 3 4 5 6 |  6.6
Armour         | 1 2 3 4 5 |  5.0
Fighting       | 1 2 3 4 |  4.2
Dodging        | 3 4 5 6 |  6.0
Stealth        | 2 |  2.6
Staves         | 1 2 3 |  3.0

Action                   |  1- 3 |  4- 6 |  7- 9 || total
-------------------------+-------+-------+-------++-------
Melee: Unarmed           |     4 |       |       ||     4
       Long sword        |     1 |       |       ||     1
       Quarterstaff      |       |    22 |    48 ||    70
 Cast: Foxfire           |    68 |    39 |    91 ||   198
       Scorch            |     1 |    12 |    41 ||    54
       Vampiric Draining |       |       |     2 ||     2
       Flame Wave        |       |       |    18 ||    18
  Use: Potion            |     1 |     1 |     1 ||     3
       Scroll            |       |       |     1 ||     1
 Stab: Sleeping          |     1 |       |       ||     1
Armor: Robe              |     2 |     8 |    10 ||    20
       Ring mail         |       |       |     5 ||     5
Dodge: Dodged            |    12 |    29 |    73 ||   114

Table legend: (Time is in decaauts)
 A = Elapsed time spent in this place.
 B = Non-inter-level travel time spent in this place.
 C = Inter-level travel time spent in this place.
 D = Time resting spent in this place.
 E = Time spent auto-exploring this place.
 F = Levels seen in this place.
 G = Mean time per level.
                   A        B        C        D        E       F      G
               +--------+--------+--------+--------+--------+-----+--------+
         Total |   7806 |   7588 |    218 |    495 |   6133 |   7 | 1115.1 |
       Dungeon |   7541 |   7337 |    204 |    281 |   6109 |   6 | 1256.8 |
        Temple |    265 |    252 |     13 |    214 |     24 |   1 |  265.0 |
               +--------+--------+--------+--------+--------+-----+--------+

Top non-repeatable levels by time:
     D:3: 1911 daAuts
     D:4: 1675 daAuts
     D:1: 1453 daAuts
     D:2: 995 daAuts
     D:5: 946 daAuts
     D:6: 558 daAuts
  Temple: 265 daAuts
